 Dungeon Crawl Stone Soup version 0.17-a0-1646-geb1493d (webtiles) character file.

1866 matakusis the Ducker (level 8, -15/61 HPs)
             Began as a Demonspawn Gladiator on Aug 10, 2015.
             Was a Priest of Qazlal.
             Demolished by an ogre
             ... wielding a +0 giant club
              (19 damage)
             ... while paralysed by you
             ... on level 7 of the Dungeon.
             The game lasted 00:31:46 (6430 turns).

matakusis the Ducker (Demonspawn Gladiator)         Turns: 6430, Time: 00:31:46

Health: -15/61     AC: 13    Str: 22    XL:     8   Next: 90%
Magic:  16/16      EV:  2    Int: 14    God:    Qazlal [***...]
Gold:   386        SH:  0    Dex: 14    Spells: 0 memorised, 7 levels left

rFire  . . .     SeeInvis +     a - +1 long sword
rCold  . . .     Clarity  .     k - +2 scale mail of the Armoured One {rN+ MP+9 Str+2 SInv}
rNeg   + . .     SustAt   .     (no shield)
rPois  .         Gourm    .     (helmet restricted)
rElec  .         Spirit   .     (no cloak)
rCorr  .         Warding  .     (no gloves)
rMut   .         Stasis   .     (no boots)
MR     .....                    w - amulet of inaccuracy (curse)
Stlth  ..........               b - ring of Ocriep {MR- Str+3 Int+4}
                                s - +4 ring of protection

@: paralysed, lethally poisoned (-15 -> -21), not resistant to hostile
enchantments, extremely unstealthy
A: antennae 2, hooves 2, low mp 1
a: Upheaval, Elemental Force, Renounce Religion


You were on level 7 of the Dungeon.
You worshipped Qazlal.
Qazlal was most pleased with you.
You were not hungry.

You visited 2 branches of the dungeon, and saw 8 of its levels.

You collected 386 gold pieces.

Inventory:

Hand weapons
 a - a +1 long sword (weapon)
Missiles
 d - a throwing net (quivered)
 g - 3 exploding tomahawks
Armour
 j - a +2 ring mail of cold resistance
 k - the +2 scale mail of the Armoured One (worn) {rN+ MP+9 Str+2 SInv}
   (You found it on level 7 of the Dungeon)

   It affects your strength (+2).
   It protects you from negative energy.
   It affects your magic capacity (+9).
   It lets you see invisible.
Jewellery
 b - the ring of Ocriep (right hand) {MR- Str+3 Int+4}
   (You found it on level 7 of the Dungeon)

   [ring of strength]

   It affects your strength (+3).
   It affects your intelligence (+4).
   It affects your resistance to hostile enchantments.
 f - an uncursed ring of sustain attributes
 i - an uncursed amulet of clarity {unknown}
 q - an uncursed ring of protection from magic
 r - an uncursed ring of protection from fire
 s - a +4 ring of protection (left hand)
 w - a cursed amulet of inaccuracy (around neck)
Magical devices
 c - a wand of random effects (20)
 o - a wand of magic darts (37)
 v - a wand of frost (35)
 y - a wand of fire (7)
Scrolls
 h - 3 scrolls of amnesia
Potions
 l - 2 potions of resistance
 p - 3 potions of cancellation
 t - 2 potions of magic
Comestibles
 e - 3 bread rations
 m - 3 meat rations
 u - 2 beef jerkies
 z - a chunk of flesh


   Skills:
 + Level 4.5 Fighting
 + Level 5.9 Long Blades
 + Level 2.1 Throwing
 + Level 5.1 Armour
 + Level 6.7 Dodging
 - Level 0.6 Stealth


You had 7 spell levels left.
You didn't know any spells.

Dungeon Overview and Level Annotations

Branches:
Dungeon (7/15)             Temple (1/1) D:5

Altars:
Ashenzari
Elyvilon
Fedhas
Gozag
Kikubaaqudgha
Makhleb
Nemelex Xobeh
Okawaru
Qazlal
Ru
Sif Muna
Trog
Vehumet
Xom
Yredelemnul
The Shining One

Annotations:
D:7 Dowan, Duvessa


Innate Abilities, Weirdness & Mutations

You have a pair of antennae on your head.
You have hoof-like feet.
Your magical capacity is low (-10% MP).


Message History

You feel sick. Duvessa barely misses you.
Read which item? (? for menu, Esc to quit)
Okay, then.
Drink which item? (? for menu, Esc to quit)
Okay, then.
Zapping:
c - a wand of random effects (will waste charges)
Press: ? - help, Shift-Dir - straight line, f - you Really target yourself?
You suddenly lose the ability to move!
Evoking this partially-identified wand wasted a few charges.
* * * LOW HITPOINT WARNING * * *
You feel sick. The ogre hits you but does no damage.
Duvessa hits you but does no damage. The yak gores you but does no damage.
The ogre hits you with a giant club.
* * * LOW HITPOINT WARNING * * *
* * * LOW HITPOINT WARNING * * *
You feel sick. Duvessa hits you but does no damage.
* * * LOW HITPOINT WARNING * * *
You feel sick. The ogre hits you with a giant club!!
You die...

###### ##....#
.#....#
.#....########
........>..... {
.###..........{
.#.#.....############
....§..#.#
#..Y.@Ye.##
.#.#.#.#.#
#...e.O.....#
.#####.# #
#..ooY...##.# ## ##.
#........# # .#
##......... # { ÷##.#
#.######### ##
.##.#####.# .# #.
#.{#{...# .# .#
#..#....#


You could see 3 yaks, Duvessa, an ogre, Dowan and 2 orcs.

Vanquished Creatures
  A water moccasin (D:7)
  Edmund (D:4)
  4 ogres
  A centaur (D:6)
  4 giant frogs
  A giant frog zombie (D:5)
  3 wights (D:7)
  A crimson imp (D:5)
  4 hounds
  A giant frog skeleton (D:5)
  A centaur skeleton (D:4)
  An orc priest (D:6)
  5 worker ants
  An iguana (D:4)
  3 orc wizards (D:3)
  7 gnolls (D:5)
  11 adders
  3 shadow imps
  An adder skeleton (D:4)
  5 worms
  8 giant geckos
  19 orcs
  8 bats
  8 giant cockroaches
  12 hobgoblins
  2 jackals (D:1)
  3 quokkas
  8 giant newts
  6 goblins
  10 kobolds
  A quokka zombie (D:5)
  5 rats
149 creatures vanquished.

Vanquished Creatures (others)
  A crimson imp (D:5)
1 creature vanquished.

Grand Total: 150 creatures vanquished

Notes
Turn   | Place    | Note
--------------------------------------------------------------
     0 | D:1      | matakusis the Demonspawn Gladiator began the quest for the Orb.
     0 | D:1      | Reached XP level 1. HP: 16/16 MP: 1/1
   164 | D:1      | Gained mutation: You have a pair of small antennae on your head. [demonic ancestry]
   164 | D:1      | Reached XP level 2. HP: 22/22 MP: 2/2
   191 | D:1      | Reached skill level 3 in Long Blades
   903 | D:2      | Reached XP level 3. HP: 22/27 MP: 3/3
  1496 | D:2      | Gained mutation: You have a pair of antennae on your head. [demonic ancestry]
  1496 | D:2      | Reached XP level 4. HP: 19/34 MP: 4/4
  1836 | D:3      | Found a faded altar to an unknown god.
  1856 | D:3      | Reached skill level 1 in Armour
  1909 | D:3      | Gained mutation: You have large cloven feet. [demonic ancestry]
  1909 | D:3      | Reached XP level 5. HP: 19/39 MP: 5/5
  1913 | D:3      | Became a worshipper of Qazlal Stormbringer
  1913 | D:3      | Acquired Qazlal's first power
  2141 | D:3      | Reached skill level 4 in Dodging
  2394 | D:3      | Found a sacrificial altar of Ru.
  2613 | D:3      | Found a stormy altar of Qazlal.
  2769 | D:4      | Gained mutation: You have hoof-like feet. [demonic ancestry]
  2769 | D:4      | Reached XP level 6. HP: 31/46 MP: 6/6
  3140 | D:4      | Noticed Edmund
  3154 | D:4      | Killed Edmund
  3200 | D:4      | Acquired Qazlal's second power
  3200 | D:4      | Reached skill level 5 in Dodging
  3206 | D:4      | Noticed an ogre
  3224 | D:4      | Killed an ogre
  3283 | D:4      | Reached XP level 7. HP: 22/52 MP: 7/7
  3766 | D:5      | Entered Level 5 of the Dungeon
  3842 | D:5      | Found a white marble altar of Elyvilon.
  4407 | D:5      | Found a staircase to the Ecumenical Temple.
  4413 | Temple   | Entered the Ecumenical Temple
  4731 | D:6      | Reached skill level 5 in Long Blades
  4784 | D:6      | Gained mutation: Your magical capacity is low (-10% MP). [potion of mutation]
  4784 | D:6      | Gained mutation: You are frail (-10% HP). [potion of mutation]
  4784 | D:6      | Lost mutation: You are frail (-10% HP). [potion of mutation]
  4796 | D:6      | Reached XP level 8. HP: 29/60 MP: 7/7
  5088 | D:6      | Reached skill level 6 in Dodging
  5256 | D:6      | Found a burning altar of Makhleb.
  5718 | D:7      | Acquired Qazlal's third power
  6174 | D:6      | Reached skill level 5 in Armour
  6190 | D:7      | Got a translucent golden ring
  6202 | D:7      | Identified the ring of Ocriep {MR- Str+3 Int+4} (You found it on level 7 of the Dungeon)
  6210 | D:7      | Got a shimmering scale mail
  6221 | D:7      | Identified the +2 scale mail of the Armoured One {rN+ MP+9 Str+2 SInv} (You found it on level 7 of the Dungeon)
  6418 | D:7      | Noticed Dowan
  6419 | D:7      | Noticed Duvessa
  6427 | D:7      | Paralysed by you for 7 turns
  6430 | D:7      | Demolished by an ogre

Vault maps used:
D:1:      dpeg_arrival_stone_temple_mockup
D:3:      hangedman_ru_absence, nicolae_overflow_hidden_temple,
          overflow_temple_1_default, ecumenical_altar_1
D:4:      first_bread, wad_rectangle_vault, uniq_edmund
D:5:      temple_fountains, hangedman_decor_growths, elyvilon_altar_4
D:6:      makhleb_heckhound_becter
D:7:      grunt_ogre_cave, uniq_duvessa
Temple:   circular_temple_12

Action                   |  1- 3 |  4- 6 |  7- 9 || total
-------------------------+-------+-------+-------++-------
Melee: Long sword        |   160 |   191 |   310 ||   661
Throw: Throwing net      |       |     2 |     2 ||     4
       Tomahawk          |       |       |     1 ||     1
Evoke: Wand              |       |       |     1 ||     1
  Use: Scroll            |     4 |     5 |    11 ||    20
       Potion            |       |       |     9 ||     9
 Stab: Held in net/web   |       |     2 |     1 ||     3
  Eat: Chunk             |     2 |     5 |     7 ||    14
       Bread ration      |       |       |     1 ||     1
